 Dungeon Crawl Stone Soup version 0.20-a0-949-g916514f (webtiles) character file.

1281 kidcy the Chiller (level 8, -4/67 HPs)
             Began as a Green Draconian Ice Elementalist on Apr 4, 2017.
             Was a Follower of Ashenzari.
             Slain by Menkaure (14 damage)
             ... on level 5 of the Dungeon.
             The game lasted 00:13:07 (6639 turns).

kidcy the Chiller (DrIE)                            Turns: 6639, Time: 00:13:08

Health: -4/67      AC:  7    Str: 10    XL:     8   Next: 29%
Magic:  8/15       EV: 12    Int: 22    God:    Ashenzari [*.....]
Gold:   286        SH:  0    Dex: 13    Spells: 7/17 levels left

rFire    . . .     SeeInvis .   a - +2 dagger (flame)
rCold    . . .     Gourm    .   (no shield)
rNeg     . . .     Faith    .   (armour unavailable)
rPois    +         Spirit   .   (helmet restricted)
rElec    .         Reflect  .   u - +0 cloak
rCorr    .         Harm     .   (no gloves)
MR       .....                  (no boots)
Stlth    ++........             (no amulet)
Regen    0.3/turn               (no ring)
MPRegen  0.2/turn               (no ring)

@: brilliant, short of breath, very slightly contaminated, invisible
A: breathe noxious fumes, unfitting armour, horns 1, poison resistance, wild
magic 1, cold-blooded, AC +6
a: Breathe Noxious Fumes, Curse Item, Scrying, Renounce Religion


You were on level 5 of the Dungeon.
You worshipped Ashenzari.
Ashenzari was aware of your devotion.
You were not hungry.

You visited 1 branch of the dungeon, and saw 6 of its levels.

You collected 286 gold pieces.

Inventory:

Hand Weapons
 a - a +2 dagger of flaming (weapon)
 b - a +0 hunting sling
Armour
 u - a +0 cloak (worn)
Wands
 v - a wand of digging (16/24)
Scrolls
 d - 2 scrolls of remove curse
 e - 2 scrolls of magic mapping {unknown}
 g - 5 scrolls of teleportation {unknown}
 i - a scroll of blinking {unknown}
 k - 3 scrolls of immolation {unknown}
 l - 4 scrolls of identify {unknown}
 m - a scroll of noise {unknown}
 n - a scroll of enchant armour {unknown}
 t - a scroll of random uselessness {unknown}
 y - a scroll of fog {unknown}
Potions
 h - a potion of invisibility
 j - 2 potions of lignification {unknown}
 o - a potion of agility {unknown}
 p - 2 potions of brilliance
 q - a potion of mutation
 w - 2 potions of flight {unknown}
 x - a potion of haste {unknown}
Books
 c - a book of Frost

   Spells                             Type                      Level
   a - Freeze                         Ice                          1
   b - Throw Frost                    Conjuration/Ice              2
   c - Ozocubu's Armour               Charms/Ice                   3
   d - Throw Icicle                   Conjuration/Ice              4
   e - Summon Ice Beast               Ice/Summoning                4
Comestibles
 f - a bread ration
 r - 4 royal jellies
 s - 2 meat rations


   Skills:
 + Level 4.8 Fighting
 - Level 1.7 Dodging
 - Level 1.7 Stealth
 + Level 5.0 Spellcasting
 - Level 1.0 Conjurations
 * Level 7.9 Ice Magic


You had 7 spell levels left.
You knew the following spells:

 Your Spells              Type           Power        Failure   Level  Hunger
a - Freeze                Ice            ####         1%          1    None
b - Throw Frost           Conj/Ice       ######       1%          2    None
c - Ozocubu's Armour      Chrm/Ice       #####...     1%          3    ##.....
s - Summon Ice Beast      Ice/Summ       #####...     3%          4    ####...


Dungeon Overview and Level Annotations

Branches:
Dungeon (6/15)             Temple (0/1) D:5

Altars:
Ashenzari
Elyvilon
Fedhas
Qazlal
Ru
Uskayaw
Yredelemnul
Zin
The Shining One

Annotations:
D:5 Menkaure
D:6 braks's ghost, novice MfSu


Innate Abilities, Weirdness & Mutations

You can breathe blasts of noxious fumes.
Your lurid green scales are hard. (AC +6)
You cannot fit into any form of body armour.
Your system is resistant to poisons. (rPois)
You are cold-blooded and may be slowed by cold attacks.
You have a pair of small horns on your head.
Your spells are a little harder to cast, but a little more powerful.


Message History

Okay, then.
Okay, then.
Okay, then.
Press: ? - help, v - describe, . - travel
Here: Menkaure (severely damaged, fast)
The floor.
Okay, then.
It was a potion of invisibility.
You fade into invisibility!
Menkaure casts a spell at you. Pain shoots through your body!
* * * LOW HITPOINT WARNING * * *
You are very lightly contaminated with residual magic.
It was a potion of brilliance.
You feel clever all of a sudden. Menkaure barely misses you.
It was a potion of mutation.
You feel extremely strange.
You feel less in control of your magic. A pair of horns grows on your head!
Menkaure hits you!
You die...

#.###.####...####.# #.#
#.............# #.#
######...###### #.#
##(## #.# #.# #.# ##(##
# #.#
##.).################
#.#
##.....##....>........
#.#
##...M@..#..###########
#.# #..........#.## #
#.# #.........###.# #.#
#..........#.## #.#
##.......#..## #.#
##.....##..#
#.########...##...#
#.................#
###############...#


You could see Menkaure.

Vanquished Creatures
  An orc warrior (D:5)
  3 ogres (D:4)
  A big kobold (D:5)
  A bullfrog (D:5)
  2 scorpions
  2 howler monkeys
  2 orc priests
  A gnoll shaman (D:4)
  3 hounds
  2 orc wizards
  5 worker ants
  6 gnolls
  7 adders
  A shadow imp (D:5)
  3 oozes
  An adder zombie (D:2)
  3 adder skeletons (D:2)
  A worm (D:3)
  4 dart slugs
  2 leopard geckos
  22 orcs
  5 giant cockroaches
  5 goblins
  13 hobgoblins
  A jackal (D:2)
  15 kobolds
  2 quokkas (D:5)
  A ball python (D:1)
  A ball python skeleton (D:4)
  9 bats
  5 frilled lizards
  A jackal skeleton (D:2)
  A jackal zombie (D:5)
  2 leopard gecko skeletons (D:2)
  A leopard gecko zombie (D:2)
  4 rats
139 creatures vanquished.

Notes
Turn   | Place    | Note
-------+----------+-------------------------------------------
     0 | D:1      | kidcy the Draconian Ice Elementalist began the quest for the Orb.
     0 | D:1      | Reached XP level 1. HP: 14/14 MP: 3/3
   280 | D:1      | Reached XP level 2. HP: 8/22 MP: 0/5
  1254 | D:1      | Reached XP level 3. HP: 18/27 MP: 3/6
  1755 | D:2      | Reached skill level 1 in Fighting
  1755 | D:2      | Reached skill level 4 in Ice Magic
  2161 | D:2      | Reached XP level 4. HP: 32/35 MP: 8/8
  2186 | D:2      | Found a glowing silver altar of Zin.
  2190 | D:2      | Found a blossoming altar of Fedhas.
  2190 | D:2      | Found a stormy altar of Qazlal.
  2214 | D:2      | Found a glowing golden altar of the Shining One.
  2214 | D:2      | Found a basalt altar of Yredelemnul.
  2215 | D:2      | Found a shattered altar of Ashenzari.
  2247 | D:2      | Noticed a hand axe
  2248 | D:2      | Noticed a hand axe
  2252 | D:2      | Became a worshipper of Ashenzari the Shackled
  2257 | D:2      | Found a hide-covered altar of Uskayaw.
  2422 | D:2      | Learned a level 2 spell: Throw Frost
  2426 | D:2      | Learned a level 3 spell: Ozocubu's Armour
  2918 | D:3      | Reached skill level 5 in Ice Magic
  2918 | D:3      | Reached XP level 5. HP: 16/41 MP: 0/9
  3689 | D:3      | Reached XP level 6. HP: 37/49 MP: 1/11
  3792 | D:3      | Learned a level 4 spell: Summon Ice Beast
  4155 | D:4      | Reached skill level 6 in Ice Magic
  4157 | D:4      | Found a white marble altar of Elyvilon.
  4298 | D:4      | Your scales start taking on a lurid green colour.
  4298 | D:4      | Reached XP level 7. HP: 57/57 MP: 2/13
  4298 | D:4      | Gained mutation: Your system is resistant to poisons. (rPois) [Green Draconian growth]
  4385 | D:4      | Reached * piety under Ashenzari
  5341 | D:5      | Entered Level 5 of the Dungeon
  5374 | D:4      | Reached skill level 7 in Ice Magic
  5738 | D:5      | Reached XP level 8. HP: 43/66 MP: 10/15
  5872 | D:5      | Found a sacrificial altar of Ru.
  6003 | D:5      | Found a staircase to the Ecumenical Temple.
  6460 | D:6      | Noticed braks's ghost (novice MfSu)
  6475 | D:5      | Reached skill level 5 in Spellcasting
  6515 | D:6      | Noticed Menkaure
  6639 | D:5      | Gained mutation: Your spells are a little harder to cast, but a little more powerful. [potion of mutation]
  6639 | D:5      | Gained mutation: You have a pair of small horns on your head. [potion of mutation]
  6639 | D:5      | Slain by Menkaure

Vault maps used:
D:1:      onia_arrival_mini_spirals
D:2:      dancing_weapons_uskayaw, grunt_temple_overflow_open, serial_undead,
          serial_undead_f, serial_undead_f, serial_undead_a, serial_undead_a
D:3:      first_bread
D:4:      corexii_shack_village, kennysheep_mini_moat
D:5:      nicolae_overflow_crystal_walls, minmay_temple_entry_overgrown
D:6:      serial_shops, kennysheep_little_box, uniq_grinder, uniq_blork_the_orc,
          uniq_menkaure

Skill      XL: |  1  2  3  4  5  6  7  8 |
---------------+-------------------------+-----
Fighting       | 1 2 3 4 |  4.8
Ice Magic      | 4 5 6 7 |  7.9
Spellcasting   | 3 4 5 |  5.0
Dodging        | |  1.7
Stealth        | |  1.7
Conjurations   | |  1.0

Action                   |  1- 3 |  4- 6 |  7- 9 || total
-------------------------+-------+-------+-------++-------
Melee: Dagger            |    89 |    98 |   113 ||   300
       Unarmed           |     2 |       |       ||     2
       Tailslap          |     4 |     9 |    10 ||    23
 Fire: Hunting sling     |     3 |       |       ||     3
 Cast: Freeze            |    52 |    66 |    45 ||   163
       Throw Frost       |       |     7 |    17 ||    24
       Ozocubu's Armour  |       |       |     1 ||     1
 Abil: Breathe Noxious F |       |       |    19 ||    19
  Use: Potion            |       |       |     3 ||     3
 Stab: Sleeping          |     5 |     5 |     1 ||    11
       Confused          |       |       |     3 ||     3
  Eat: Chunk             |     4 |     1 |     4 ||     9
       Bread ration      |       |     2 |       ||     2
       Meat ration       |       |       |     1 ||     1
Armor: Skin              |    33 |    37 |    38 ||   108
Dodge: Dodged            |    93 |   108 |    94 ||   295
